 Dungeon Crawl Stone Soup version 0.30-a0-639-g3916f1956a (webtiles) character file.

Game seed: 15470406074127997649

7 drugrobin the Sneak (level 1, 0/18 HPs)
             Began as a Demigod Delver on Jan 15, 2023.
             Slain by a river rat (4 damage)
             ... on level 4 of the Dungeon.
             The game lasted 00:03:54 (534 turns).

drugrobin the Sneak (Demigod Delver)                 Turns: 534, Time: 00:03:55

Health: 0/18       AC:  3    Str: 13    XL:     1   Next: 66%
Magic:  3/3        EV: 12    Int: 12    God:
Gold:   58         SH:  0    Dex: 21    Spells: 0/0 levels left

rFire   . . .      SeeInvis .      - Unarmed
rCold   . . .      Faith    .    (no shield)
rNeg    . . .      Spirit   .    a - +0 leather armour
rPois   .          Reflect  .    (no helmet)
rElec   .          Harm     .    (no cloak)
rCorr   .          Rampage  .    (no gloves)
Will    .....                    (no boots)
Stlth   ++                       (no amulet)
HPRegen 0.23/turn                g - +6 ring of dexterity
MPRegen 0.08/turn                (no ring)

@: hasted, quick
A: high MP 1, forlorn, divine attributes
a: no special abilities


You were on level 4 of the Dungeon.
You visited 1 branch of the dungeon, and saw 2 of its levels.

You collected 58 gold pieces.

Inventory:

Missiles
 i - 4 boomerangs (quivered)
Armour
 a - a +0 leather armour (worn)
 k - a +0 ring mail
Jewellery
 g - a +6 ring of dexterity (left hand)
Wands
 f - a wand of digging (3)
Scrolls
 b - a scroll of fog
 h - a scroll of identify {unknown}
 l - a scroll of immolation {unknown}
Potions
 j - a potion of mutation {unknown}


   Skills:
 - Level 2.6 Fighting
 - Level 1.7 Dodging
 - Level 4.5 Stealth
 + Level 2.4 Unarmed Combat


You couldn't memorise any spells.
You didn't know any spells.
Your spell library was empty.

Dungeon Overview and Level Annotations

Branches:
Dungeon (5/15)             Temple (0/1) D:4

Portals:
Sewer: D:4

Annotations:
D:4 exclusion: scorpion
D:5 exclusions: adder, iguana, 2 orcs and orc wizard


Innate Abilities, Weirdness & Mutations

You have an increased reservoir of magic. (+10% MP)
You shall have no god before yourself.
Your divine heritage dramatically boosts your attributes as you level up.


Message History

Unknown command.
Unknown command.
You hit the giant cockroach but do no damage.
The ball python hisses angrily.
The giant cockroach misses you. The river rat closely misses you.
Unknown command.
Unknown command.
Your unstable footing causes you to fumble your attack.
The giant cockroach bites you but does no damage.
The giant cockroach completely misses you.
The worm misses you. The river rat closely misses you.
Unknown command.
Unknown command.
You closely miss the giant cockroach.
The giant cockroach completely misses you.
The giant cockroach barely misses you.
Unknown command.
Unknown command.
You hit the giant cockroach.
The giant cockroach is almost dead.
The jackal splashes around in the water.
The river rat bites you!
Ouch! That really hurt!
* * * LOW HITPOINT WARNING * * *
The giant cockroach misses you.
The worm splashes around in the water.
Unknown command.
Unknown command.
Okay, then.
You hit the giant cockroach but do no damage.
The giant cockroach is almost dead.
The giant cockroach barely misses you. The jackal bites you.
* * * LOW HITPOINT WARNING * * *
Unknown command.
Unknown command.
Unknown command.
You closely miss the giant cockroach.
The giant cockroach is almost dead.
The giant cockroach bites you but does no damage.
The river rat bites you.
You die...

******,* *,**
,,,,,,,* *..*
******** *#.#
#.###
###...#####
#.........#
###...J.....#
#.....w~~$..#
#.#..~B@~~..#
#.#..~rBh~..#*
###....~~S~~...#
#.......~~~.?..#
#.###..........#
#.##...........#
#####
#.##.#######...#
....####.##.##
*.###
.............#*
*,#


You could see a worm, a river rat, an endoplasm, a jackal, 2 giant cockroaches
and a ball python.

Vanquished Creatures
  A dart slug (D:4)
  An endoplasm (D:4)
  A goblin (D:4)
  A ball python (D:4)
  A kobold (D:4)
5 creatures vanquished.

Notes
Turn   | Place    | Note
-------+----------+-------------------------------------------
     0 | D:5      | drugrobin the Demigod Delver began the quest for the Orb.
     0 | D:5      | Reached XP level 1. HP: 18/18 MP: 3/3
    63 | D:5      | Noticed an orc wizard
   138 | D:5      | Noticed an iguana
   298 | D:4      | Noticed an iguana
   313 | D:4      | Found a staircase to the Ecumenical Temple.
   320 | D:4      | Noticed a scorpion
   452 | D:4      | Noticed a scorpion
   479 | D:4      | Noticed an iguana
   519 | D:4      | Found a glowing drain.
   534 | D:4      | Slain by a river rat

Illustrated notes

Levels and vault maps discovered:
D:4:      minmay_wonky_spiral, layout_loops_ring,
          minmay_temple_entry_junction_2, portal_sewer_entry_a
D:5:      layout_basic, lemuel_mausoleum_altar_yredelemnul

Skill      XL: |  1 |
---------------+----+-----
Unarmed Combat | 2 |  2.4
Fighting       | |  2.6
Dodging        | |  1.7
Stealth        | |  4.5

Action                   || total
-------------------------++-------
Melee: Unarmed           ||    25
  Use: Scroll            ||     2
       Potion            ||     1
 Stab: Sleeping          ||     1
Armor: Leather armour    ||    10
Dodge: Dodged            ||    30

Table legend: (Time is in decaauts)
 A = Elapsed time spent in this place.
 B = Non-inter-level travel time spent in this place.
 C = Inter-level travel time spent in this place.
 D = Time resting spent in this place.
 E = Time spent auto-exploring this place.
 F = Levels seen in this place.
 G = Mean time per level.
                   A        B        C        D        E       F      G
               +--------+--------+--------+--------+--------+-----+--------+
         Total |    517 |    435 |     82 |      0 |      0 |   2 |  258.5 |
       Dungeon |    517 |    435 |     82 |      0 |      0 |   2 |  258.5 |
               +--------+--------+--------+--------+--------+-----+--------+

Top non-repeatable levels by time:
     D:4: 277 daAuts
     D:5: 239 daAuts
